 Dungeon Crawl Stone Soup version 0.31-a0-237-g2d982f9f85 (webtiles) character file.

Game seed: 4773396929677226555

96 qw the Shooter (level 4, -6/26 HPs)
             Began as a Gargoyle Hexslinger on July 10, 2023.
             Mangled by an ogre
             ... wielding a +0 giant spiked club
              (15 damage)
             ... on level 4 of the Dungeon.
             The game lasted 00:00:49 (2589 turns).

qw the Shooter (Gargoyle Hexslinger)                Turns: 2589, Time: 00:00:50

Health: -6/26      AC: 11    Str: 10 (11) XL:     4   Next: 67%
Magic:  5/5        EV: 10    Int: 12 (14) God:
Gold:   236        SH:  0    Dex: 13 (14) Spells: 4/5 levels left

rFire   . . .        Y - +1 sling
rCold   . . .        (no shield)
rNeg    + . .        g - +2 ring mail of Naleitie {Regen+}
rPois   inf          (no helmet)
rElec   +            (no cloak)
rCorr   .            b - +0 pair of gloves
SInv    .            (no boots)
Will    .....        (no amulet)
Stlth   +            (no ring)
HPRegen 1.04/turn    (no ring)
MPRegen 0.09/turn

%: no passive effects
@: no status effects
A: sickness immunity, AC +3, negative energy resistance 1, electricity
resistance, torment resistance 1, petrification resistance
a: no special abilities


You were on level 4 of the Dungeon.
You visited 1 branch of the dungeon, and saw 4 of its levels.

You collected 236 gold pieces.


Innate Abilities, Weirdness & Mutations

You are immune to sickness and miasma.
Your stone body is resilient. (AC +3)
You are immune to poison.
You resist negative energy. (rN+)
You are resistant to electric shocks. (rElec)
You are resistant to unholy torment.
You are immune to petrification.


   Skills:
 - Level 2.0 Fighting
 + Level 4.2 Ranged Weapons
 - Level 1.0 Armour
 - Level 1.5 Dodging
 - Level 1.0 Spellcasting
 - Level 2.6 Hexes


You had 4 spell levels left.
You knew the following spells:

 Your Spells              Type           Power      Damage    Failure   Level
a - Slow                  Hex            28%        N/A       26%         1

Your spell library contained the following spells:

 Spells                   Type           Power      Damage    Failure   Level
 Inner Flame              Hex/Fire       3%         N/A       78%         3
 Portal Projectile        Hex/Tloc       6%         N/A       78%         3
 Cause Fear               Hex            3%         N/A       94%         4

Inventory:

Hand Weapons
 Y - a +1 sling (weapon)
Armour
 b - a +0 pair of gloves (worn)
 g - the +2 ring mail of Naleitie (worn) {Regen+}
   (You took it off a hobgoblin on level 2 of the Dungeon)

   Regen:     It increases your rate of health regeneration.
Jewellery
 i - a ring of fire
 k - a ring of ice
Scrolls
 c - a scroll of identify
Potions
 a - a potion of invisibility {unknown}
 d - 3 potions of curing
 h - a potion of might {unknown}

Dungeon Overview and Level Annotations

Branches:
Dungeon (4/15)
 Temple: D:4-7

Altars:


Message History

You kill the orc!
Found a stone staircase leading down.
Enter note:
Enter note: You open the door.
Found a stone staircase leading down.
There is an open door here.
Enter note:
Enter note: You now have 236 gold pieces (gained 11).
You open the door.
There is an open door here.
You open the door.
There is an open door here.
An ogre comes into view. It is wielding a +0 giant spiked club.
The ogre shouts!
Enter note:
Enter note:
Enter note: You shoot a sling bullet.
The sling bullet barely misses the ogre.
You shoot a sling bullet.
The sling bullet barely misses the ogre.
You shoot a sling bullet. The sling bullet hits the ogre.
The ogre is lightly wounded.
You shoot a sling bullet. The sling bullet hits the ogre.
The ogre is moderately wounded.
The ogre hits you with a +0 giant spiked club!
You shoot a sling bullet. The sling bullet hits the ogre.
The ogre is moderately wounded.
The ogre closely misses you.
You shoot a sling bullet. The sling bullet hits the ogre.
The ogre is moderately wounded.
The ogre hits you with a +0 giant spiked club!
Ouch! That really hurt!
You shoot a sling bullet. The sling bullet hits the ogre.
The ogre is heavily wounded.
The ogre hits you with a +0 giant spiked club!
Ouch! That really hurt!
You die...

###'########...#.....##
#.....#........#.....#
#.....#........#.....#
#.....#........#.....#
#.....'........#.....#
#.....#........#.....#
#.....#........#.....#
#.....#........#.>...#
#....#@O#+###+#
########...... ......
...... ...... ......
......


You could see an ogre.

Vanquished Creatures
  Terence (D:2)
  An adder (D:2)
  An orc (D:4)
  3 ball pythons
  11 endoplasms
  2 giant cockroaches
  5 goblins
  9 hobgoblins
  6 jackals
  3 kobolds
  A quokka (D:3)
  2 bats (D:1)
  4 frilled lizards
49 creatures vanquished.

Notes
Turn   | Place    | Note
-------+----------+-------------------------------------------
     0 | D:1      | qw the Gargoyle Hexslinger began the quest for the Orb.
     0 | D:1      | Reached XP level 1. HP: 12/12 MP: 2/2
     0 | D:1      | 0 ||| qw: Version: 0.3-a-52-g30416fa
     0 | D:1      | 0 ||| qw: Game counter: 5222
     0 | D:1      | 0 ||| qw: Melee chars always use a shield: true
     0 | D:1      | 0 ||| qw: God list: Okawaru
     0 | D:1      | 0 ||| qw: Allow faded altars: false
     0 | D:1      | 0 ||| qw: Do Orc after clearing Dungeon:15 true
     0 | D:1      | 0 ||| qw: Do second Lair branch before Depths: true
     0 | D:1      | 0 ||| qw: Lair rune preference: random
     0 | D:1      | 0 ||| qw: Goals: Normal
     0 | D:1      | 0 ||| PLANNING D:1-11
   244 | D:1      | Reached XP level 2. HP: 16/16 MP: 3/3
   346 | D:1      | Reached skill level 3 in Ranged Weapons
   650 | D:1      | Reached XP level 3. HP: 21/21 MP: 4/4
   889 | D:1      | 889 ||| UPGRADING to +0 leather armour.
   899 | D:1      | 899 ||| DROPPING +0 robe.
   900 | D:1      | 900 ||| READING scroll labelled PUELLA IRPHAZET.
   901 | D:1      | 901 ||| READING scroll labelled OGYV FACSOI.
   902 | D:1      | 902 ||| READING scroll labelled NIMAYR GANEFU.
   903 | D:1      | 903 ||| DRINKING 2 orange potions.
   904 | D:1      | 904 ||| DROPPING scroll of poison.
   998 | D:2      | Noticed Terence
  1006 | D:2      | HP: 2/21 [Terence/+0 mace (6)]
  1007 | D:2      | 1007 ||| DRINKING potion of heal wounds.
  1011 | D:2      | Killed Terence
  1028 | D:2      | Reached XP level 4. HP: 26/26 MP: 5/5
  1065 | D:2      | Reached skill level 4 in Ranged Weapons
  1587 | D:2      | Identified the +2 ring mail of Naleitie {Regen+}
  1695 | D:2      | 1695 ||| UPGRADING to +0 pair of gloves.
  1700 | D:2      | 1700 ||| UPGRADING to +2 ring mail of Naleitie {Regen+}.
  1710 | D:2      | 1710 ||| DROPPING +0 leather armour.
  1711 | D:2      | 1711 ||| READING scroll labelled WUCZUE JYBAWA.
  1712 | D:2      | 1712 ||| READING scroll labelled FYTUX OLUJEGY.
  1717 | D:2      | 1717 ||| DRINKING 2 emerald potions.
  1718 | D:2      | 1718 ||| READING 2 scrolls of identify.
  1718 | D:2      | 1718 ||| IDENTIFYING amethyst potion
  1719 | D:2      | 1719 ||| DROPPING potion of degeneration.
  2253 | D:3      | Found a faded altar of an unknown god.
  2314 | D:3      | Reached skill level 1 in Armour
  2455 | D:3      | 2455 ||| READING scroll labelled NUICKO BOTARCH.
  2456 | D:3      | 2456 ||| DRINKING 2 fizzy coppery potions.
  2457 | D:3      | 2457 ||| DROPPING potion of brilliance.
  2582 | D:4      | Noticed an ogre
  2589 | D:4      | Mangled by an ogre

Levels and vault maps discovered:
D:1:      heliophobic_arrival_glass_houses, layout_loops_corners
D:2:      layout_basic, uniq_terence
D:3:      layout_basic, shapermc_ecumenical_altar_flowoftime
D:4:      layout_gridville

Skill      XL: |  1  2  3  4 |
---------------+-------------+-----
Ranged Weapons | 3 4 |  4.2
Fighting       | 2 |  2.0
Armour         | 1 |  1.0
Dodging        | |  1.5
Spellcasting   | |  1.0
Hexes          | |  2.6

Action                     |  1- 3 |  4- 6 || total
---------------------------+-------+-------++-------
   Fire: Sling             |    94 |    96 ||   190
    Use: Scroll            |     3 |     4 ||     7
         Potion            |     2 |     2 ||     4
 Armour: Robe              |    17 |       ||    17
         Leather armour    |     2 |     2 ||     4
         Ring mail         |       |    21 ||    21
  Dodge: Dodged            |    31 |    22 ||    53

Table legend:
 A = Non-vault XP
 B = Vault XP
 C = Vault XP percentage of total XP
 D = Non-vault monster count
 E = Vault monster count
 F = Vault count percentage of total count
                 A         B        C        D         E       F
            +---------+---------+-------+---------+---------+-------
      Total |     100 |      38 |  27.5 |      48 |       1 |   2.0
            +---------+---------+-------+---------+---------+-------
        D:1 |      42 |       0 |   0.0 |      24 |       0 |   0.0
        D:2 |      30 |      38 |  55.9 |      10 |       1 |   9.1
        D:3 |      19 |       0 |   0.0 |      10 |       0 |   0.0
        D:4 |       9 |       0 |   0.0 |       4 |       0 |   0.0
            +---------+---------+-------+---------+---------+-------
